Map: Ley Lines

Players

Casey - Winner!

  • Race: Terran Terran
  • League: Grandmaster

作弊难度(资源)

  • Race: Protoss Protoss

VOD

Have the link to the VOD?

Description

Time

  • Played on: Nov. 3, 2025, 2:59 a.m.
  • Length: 5:17
Show
View Real Time Build Order
Export as new Build Order

Casey Terran - Winner!

Build Orders: Cyclone Opening 

Get SALT Encoding   

  12  0:00  SCV  
  13  0:12  SCV  
  14  0:17  Supply Depot  
  14  0:24  SCV  
  15  0:38  SCV  
  15  0:40  Barracks  
  16  0:43  Refinery  
  16  0:51  SCV  
  16  0:54  Refinery  
  17  1:03  SCV  
  18  1:15  SCV  
  19  1:27  Reaper, Orbital Command  
  19  1:28  Supply Depot  
  20  1:41  Factory  
  20  1:52  SCV  
  21  1:59  Barracks Reactor  
  21  2:04  SCV  
  22  2:17  SCV  
  22  2:18  Command Center  
  23  2:26  Factory Tech Lab  
  23  2:30  Starport  
  23  2:35  Supply Depot  
  23  2:37  Marine  
  23  2:40  Marine  
  25  2:50  Cyclone  
  28  2:52  SCV  
  28  2:57  Marine  
  28  2:58  Marine  
  30  3:04  SCV  
  32  3:07  Medivac  
  34  3:15  Marine  
  34  3:16  Marine  
  34  3:17  SCV  
  37  3:30  Siege Tank  
  37  3:31  Orbital Command  
  37  3:33  SCV  
  41  3:35  Marine  
  41  3:39  Marine  
  43  3:44  Viking  
  43  3:46  SCV  
  46  3:53  Marine  
  47  3:56  Marine  
  47  3:58  SCV  
  47  3:59  SCV  
  47  4:01  Supply Depot  
  50  4:07  Siege Tank  
  53  4:10  SCV  
  54  4:22  Marine x2  
  54  4:23  SCV, Supply Depot  
  57  4:25  Viking  
  59  4:31  SCV  
  60  4:40  Marine x2  
  60  4:45  Siege Tank  
  63  4:46  SCV  
  63  4:50  Supply Depot  
  61  4:54  SCV  
  61  4:57  Barracks  
  61  4:58  Marine x2  
  61  4:59  SCV  
Show
View Real Time Build Order
Export as new Build Order

作弊难度(资源) Protoss 

Build Orders: Mass Adepts 

Get SALT Encoding   

  12  0:00  Probe  
  13  0:13  Probe  
  14  0:19  Pylon  
  14  0:25  Probe  
  15  0:33  Probe  
  15  0:41  Probe  
  16  0:48  Assimilator  
  17  0:51  Gateway, Probe  
  18  1:00  Probe, Pylon  
  19  1:08  Probe  
  19  1:18  Probe  
  21  1:29  Assimilator  
  21  1:31  Probe  
  22  1:37  Zealot  
  24  1:40  Cybernetics Core  
  24  1:43  Probe  
  25  1:55  Probe  
  25  1:56  Pylon  
  26  2:03  Probe  
  27  2:14  Stalker  
  27  2:16  Warp Gate, Probe  
  27  2:19  Twilight Council  
  27  2:21  Gateway  
  30  2:30  Probe  
  31  2:41  Stalker  
  33  3:01  Adept  
  33  3:02  Gateway  
  33  3:08  Adept  
  37  3:28  Pylon  
  37  3:31  Zealot  
  39  3:45  Adept  
  39  3:47  Gateway  
  41  3:49  Adept  
  43  3:56  Pylon  
  43  3:58  Adept  
  45  4:18  Pylon  
  45  4:20  Adept  
  47  4:26  Adept  
  49  4:34  Adept  
  49  4:36  Stalker  
  49  4:37  Pylon  
  53  4:41  Zealot  
  47  4:46  Adept  
  39  4:54  Adept  
  39  4:59  Adept  
  31  5:01  Zealot  
  31  5:06  Adept  
  21  5:14  Adept  
Tags
 
Add a new tag
Caveats
  • Supply blocks, unpowered buildings, or Contaminate may cause inaccurate times.
  • Supply counts are checked every 10 seconds.